 Dungeon Crawl Stone Soup version 0.21.0-3-g78d12a8 (webtiles) character file.

90 tidbits the Sneak (level 4, -1/23 HPs)
             Began as a Vine Stalker Wizard on Jan 11, 2018.
             Slain by a gnoll (7 damage)
             ... on level 4 of the Dungeon.
             The game lasted 00:06:37 (805 turns).

tidbits the Sneak (Vine Stalker Wizard)              Turns: 805, Time: 00:06:37

Health: -1/23      AC:  2    Str: 13 (15) XL:     4   Next: 56%
Magic:  0/9        EV: 12    Int: 22 (23) God:
Gold:   107        SH:  0    Dex: 10 (13) Spells: 8/9 levels left

rFire    . . .     SeeInvis .   b - +0 trident (pierce)
rCold    . . .     Gourm    .   (no shield)
rNeg     . . .     Faith    .   f - +0 robe
rPois    .         Spirit   +   o - +0 hat
rElec    .         Reflect  .   (no cloak)
rCorr    .         Harm     .   (no gloves)
MR       .....                  (no boots)
Stlth    ++........             (no amulet)
HPRegen  0.47/turn              (no ring)
MPRegen  0.11/turn              (no ring)

@: mighty, brilliant, very slightly contaminated
A: fangs 2, regeneration 1, magic shield, antimagic bite, no potion heal 3, rot
immunity
a: no special abilities


You were on level 4 of the Dungeon.
You were not hungry.

You visited 1 branch of the dungeon, and saw 4 of its levels.

You collected 107 gold pieces.

Inventory:

Hand Weapons
 a - a +0 dagger
 b - a +0 trident of piercing (weapon)
   (You found it on level 2 of the Dungeon)
 g - a +0 club
Missiles
 i - 2 javelins (quivered)
 k - 3 tomahawks
Armour
 e - a +0 buckler
 f - a +0 robe (worn)
 o - a +0 hat (worn)
Scrolls
 j - a scroll of remove curse
 q - a scroll of teleportation {unknown}
Potions
 p - a potion of cancellation {unknown}
Books
 c - a book of Minor Magic

   Spells                             Type                      Level
   a - Magic Dart                     Conjuration                  1
   b - Blink                          Translocation                2
   c - Call Imp                       Summoning                    2
   d - Slow                           Hexes                        2
   e - Conjure Flame                  Conjuration/Fire             3
   f - Mephitic Cloud                 Conjuration/Poison/Air       3
Comestibles
 d - 8 rations


   Skills:
 + Level 2.1 Fighting
 + Level 1.5 Short Blades
 - Level 1.5 Dodging
 + Level 4.1 Stealth
 - Level 3.2 Spellcasting
 - Level 1.0 Conjurations
   Level 1.0 Summonings
   Level 1.0 Translocations


You had 8 spell levels left.
You knew the following spells:

 Your Spells              Type           Power        Failure   Level  Hunger
a - Magic Dart            Conj           ###.         1%          1    None


Dungeon Overview and Level Annotations

Branches:
Dungeon (4/15)
 Temple: D:4-7

Altars:


Innate Abilities, Weirdness & Mutations

You have extremely sharp teeth.
Your natural rate of healing is unusually fast.
When hurt, damage is shared between your health and your magic reserves.
Your bite disrupts and absorbs the magic of your enemies.
Potions cannot restore your health.
You are immune to rotting.


Message History

The adder barely misses you. The adder bites you but does no damage.
As you read the scroll labeled FOKUCI LO HUGO, it crumbles to dust.
You feel blessed for a moment.
It was a scroll of remove curse.
The adder bites you but does no damage. x2
You closely miss the adder. Your bite misses the adder.
The adder is moderately wounded.
The adder closely misses you.
You hit the adder. You bite the adder. You drain its power.
You feel invigorated.
You kill the adder!
The hound closely misses you.
A gnoll comes into view. It is wielding a whip.
The hound bites you.
Throwing (i - inventory. (,) - cycle):
i - 5 javelins (quivered)
Press: ? - help, Shift-Dir - straight line, f - hound
Aim: a hound You throw a javelin.
The javelin barely misses the hound.
The gnoll shouts!
The javelin hits the gnoll!
The gnoll is severely wounded.
The hound bites you but does no damage. The hound barely misses you.
The gnoll barely misses you.
Unknown command.
Throwing (i - inventory. (,) - cycle):
i - 4 javelins (quivered)
Press: ? - help, Shift-Dir - straight line, f - hound
Aim: a hound You throw a javelin.
The javelin barely misses the hound.
The javelin barely misses the gnoll.
The javelin closely misses the gnoll.
The javelin hits the gnoll but does no damage.
The hound barely misses you. The hound closely misses you.
The gnoll hits you from afar with a spear!
* * * LOW HITPOINT WARNING * * *
The hound bites you.
* * * LOW HITPOINT WARNING * * *
Unknown command.
Throwing (i - inventory. (,) - cycle):
i - 3 javelins (quivered)
Press: ? - help, Shift-Dir - straight line, f - hound
Aim: a hound You throw a javelin.
The javelin barely misses the hound.
The javelin hits the gnoll!
You kill the gnoll!
You have reached level 4!
You feel agile.
You begin to heal more quickly.
The hound bites you.
* * * LOW HITPOINT WARNING * * *
The hound misses you.
Your magical contamination has completely faded away.
Okay, then.
Casting: Magic Dart
Confirm with . or Enter, or press ? or * to list all spells.
Aiming: Magic Dart
Press: ? - help, Shift-Dir - straight line, f - hound
Aim: a hound The magic dart hits the hound.
The hound is lightly wounded.
The hound closely misses you.
You hit the hound. You bite the hound. You drain its power.
You feel invigorated.
The hound is moderately wounded.
The hound misses you. The hound barely misses you.
Casting: Magic Dart
Confirm with . or Enter, or press ? or * to list all spells.
Aiming: Magic Dart
Press: ? - help, Shift-Dir - straight line, f/p - hound
Aim: a hound (moderately wounded)
You miscast Magic Dart.
You are very lightly contaminated with residual magic.
You smell something strange.
The hound barely misses you. The hound bites you but does no damage.
It was a potion of brilliance.
You feel clever all of a sudden. The hound bites you but does no damage.
It was a potion of degeneration.
There was something very wrong with that liquid.
You feel weakened.
You feel dopey.
You feel clumsy. The hound misses you. The hound closely misses you.
It was a potion of might.
You feel very mighty all of a sudden. The hound closely misses you.
You hit the hound.
The hound is severely wounded.
The hound bites you.
* * * LOW HITPOINT WARNING * * *
The hound barely misses you.
You completely miss the hound.
The hound is severely wounded.
The hound bites you.
* * * LOW HITPOINT WARNING * * *
The hound barely misses you.
You puncture the hound!
You kill the hound!
You feel your strength returning.
Your Fighting skill increases to level 2!
Your Stealth skill increases to level 4!
The gnoll misses you.
Unknown command.
You closely miss the gnoll. The gnoll hits you!
You die...

.....<.......#
.##.##.#.##..# #
#.#.##..#
.##.##g#.##..#
.............#
.........##.##
.##.##...(..#
#.######..###########.
.........(.(gg@.......
#
.####################


You could see 2 gnolls.

Vanquished Creatures
  A hound (D:4)
  An adder (D:4)
  A gnoll (D:4)
  A worm (D:2)
  2 dart slugs (D:1)
  A leopard gecko (D:1)
  An orc (D:4)
  A ball python (D:2)
  6 bats
  A giant cockroach (D:1)
  2 goblins (D:1)
  4 hobgoblins
  A frilled lizard (D:1)
  7 kobolds
  8 rats
38 creatures vanquished.

Notes
Turn   | Place    | Note
-------+----------+-------------------------------------------
     0 | D:1      | tidbits the Vine Stalker Wizard began the quest for the Orb.
     0 | D:1      | Reached XP level 1. HP: 9/9 MP: 5/5
    94 | D:1      | Reached skill level 3 in Stealth
    94 | D:1      | Reached XP level 2. HP: 10/14 MP: 0/7
    97 | D:1      | Reached skill level 1 in Fighting
   323 | D:1      | Reached XP level 3. HP: 10/18 MP: 3/8
   564 | D:2      | Found a faded altar of an unknown god.
   773 | D:4      | Reached skill level 1 in Short Blades
   795 | D:4      | Gained mutation: Your natural rate of healing is unusually fast. [Vine Stalker growth]
   795 | D:4      | Reached XP level 4. HP: 8/23 MP: 3/9
   804 | D:4      | Reached skill level 2 in Fighting
   804 | D:4      | Reached skill level 4 in Stealth
   805 | D:4      | Slain by a gnoll

Skill      XL: |  1  2  3  4 |
---------------+-------------+-----
Stealth        | 3 4 |  4.1
Fighting       | 1 2 |  2.1
Short Blades   | 1 |  1.5
Dodging        | |  1.5
Spellcasting   | |  3.2
Conjurations   | |  1.0
Summonings     | |  1.0
Translocations | |  1.0

Action                   |  1- 3 |  4- 6 || total
-------------------------+-------+-------++-------
Melee: Club              |    16 |       ||    16
       Unarmed           |     3 |       ||     3
       Bite              |     8 |     1 ||     9
       Dagger            |    21 |       ||    21
       Trident           |     4 |     5 ||     9
Throw: Javelin           |     3 |       ||     3
 Cast: Magic Dart        |    64 |     1 ||    65
  Use: Potion            |     2 |     3 ||     5
       Scroll            |     1 |       ||     1
 Stab: Sleeping          |     1 |       ||     1
Armor: Robe              |    15 |     2 ||    17
Dodge: Dodged            |    56 |    11 ||    67

Table legend:
 A = Turns spent in this place as a percentage of turns spent in the entire game.
 B = Non-inter-level travel turns spent in this place as a percentage of non-inter-level travel turns spent in the entire game.
 C = Inter-level travel turns spent in this place as a percentage of turns spent in this place.
 D = Turns resting spent in this place as a percentage of non-inter-level travel turns spent in this place.
 E = Turns spent auto-exploring this place as a percentage of non-inter-level travel turns spent in this place.
 F = Non-inter-level travel turns spent in this place divided by the number of levels of this place that you've seen.
                   A       B       C       D       E      F
               +-------+-------+-------+-------+-------+----------------------
         Total | 100.0 | 100.0 |   6.1 |   0.0 |   0.0 | 189.0
       Dungeon | 100.0 | 100.0 |   6.1 |   0.0 |   0.0 | 189.0
               +-------+-------+-------+-------+-------+----------------------

Table legend:
 A = Kills in this place as a percentage of kills in entire the game.
 B = Kills by you in this place as a percentage of kills by you in the entire game.
 C = Kills by friends in this place as a percentage of kills by friends in the entire game.
 D = Other kills in this place as a percentage of other kills in the entire game.
 E = Experience gained in this place as a percentage of experience gained in the entire game.
 F = Experience gained in this place divided by the number of levels of this place that you have seen.
                   A       B       C       D       E      F
               +-------+-------+-------+-------+-------+----------------------
         Total | 100.0 | 100.0 |   N/A |   N/A | 100.0 |  32.2
       Dungeon | 100.0 | 100.0 |   N/A |   N/A | 100.0 |  32.2
               +-------+-------+-------+-------+-------+----------------------

Vault maps used:
D:1:      evilmike_arrival_crescent, minmay_misc_feat_cross
D:2:      ashenzari_conservatory_becter, chequers_ecumenical_altar_island
D:3:      lemuel_crystal_altar, grunt_temple_overflow_open, columned_hall_lemuel
D:4:      led_sif_pool, first_ration, portal_sewer_entry_b
